 Dungeon Crawl Stone Soup version 0.27.1-2-g3b301248ec (webtiles) character file.

Game seed: 13597252197882037406

20291 RUZZLEFAZAZZLE the Brawler (level 12, 0/104 HPs)
             Began as a Troll Monk on Sept 27, 2021.
             Was a High Priest of Trog.
             Slain by a two-headed ogre (22 damage)
             ... on level 2 of the Orcish Mines.
             The game lasted 00:30:02 (10694 turns).

RUZZLEFAZAZZLE the Brawler (Troll Monk)            Turns: 10694, Time: 00:30:03

Health: 0/104      AC: 14    Str: 32    XL:     12   Next: 44%
Magic:  11/11      EV: 10    Int:  4    God:    Trog [*****.]
Gold:   1293       SH:  0    Dex: 12    Spells: 11/11 levels left

rFire    . . .     SeeInvis .     - Unarmed
rCold    . . .     Faith    .   (no shield)
rNeg     . . .     Spirit   .   r - +2 troll leather armour
rPois    .         Reflect  .   (helmet restricted)
rElec    .         Harm     .   e - +1 cloak
rCorr    .         Rampage  .   (gloves unavailable)
Will     .....                  (boots unavailable)
Stlth    +.........             h - amulet of regeneration
HPRegen  3.27/turn              g - +6 ring of strength
MPRegen  0.12/turn              m - +4 ring of protection

@: on berserk cooldown, slowed, studying Dodging, very slow
A: large, unfitting armour, claws 3, regeneration 1, shaggy fur 1, tough skin 1,
dopey 1
a: Renounce Religion, Berserk, Trog's Hand, Brothers in Arms


You were on level 2 of the Orcish Mines.
You worshipped Trog.
Trog was extremely pleased with you.
You visited 3 branches of the dungeon, and saw 14 of its levels.

You collected 1293 gold pieces.

Inventory:

Missiles
 u - 4 throwing nets (quivered)
Armour
 e - a +1 cloak (worn)
 r - a +2 troll leather armour (worn)
 v - +0 steam dragon scales
Jewellery
 g - a +6 ring of strength (left claw)
 h - an amulet of regeneration (around neck)
 m - a +4 ring of protection (right claw)
 n - an amulet of the acrobat
 o - an amulet of faith
 t - a ring of fire
 w - an amulet of guardian spirit
Wands
 a - a wand of acid (7)
 b - a wand of digging (5)
 c - a wand of iceblast (23)
 d - a wand of paralysis (21)
 j - a wand of polymorph (17)
 z - a wand of mindburst (9)
Scrolls
 f - 8 scrolls of identify
 i - a scroll of holy word
 q - a scroll of silence
 s - a scroll of teleportation
 y - a scroll of fog
Potions
 k - 2 potions of curing
 l - 3 potions of flight
 p - a potion of cancellation
 x - 6 potions of ambrosia


   Skills:
 - Level 2.4 Fighting
 - Level 2.4 Dodging
 - Level 1.0 Stealth
 + Level 19.2 Unarmed Combat


You had 11 spell levels left.
You didn't know any spells.
Your spell library contained the following spells:

 Spells                   Type           Power      Damage    Failure   Level
 Corpse Rot               Necr/Air       N/A        N/A       67%         2
 Summon Guardian Golem    Hex/Summ       0%         N/A       88%         3
 Dispel Undead            Necr           0%         3d6       99%         4
 Death Channel            Necr           0%         N/A       100%        6
 Orb of Destruction       Conj           0%         N/A       100%        7
 Spellforged Servitor     Conj/Summ      0%         N/A       100%        7


Dungeon Overview and Level Annotations

Branches:
Dungeon (11/15)            Temple (1/1) D:5            Lair (0/6) D:8
    Orc (2/2) D:10            Elf (0/3) Orc:2

Altars:
Ashenzari
Cheibriados
Dithmenos
Elyvilon
Fedhas
Gozag
Hepliaklqana
Kikubaaqudgha
Makhleb
Nemelex Xobeh
Okawaru
Qazlal
Ru
Sif Muna
Trog
Uskayaw
Vehumet
Wu Jian
Xom
Yredelemnul
Zin
The Shining One
Beogh


Innate Abilities, Weirdness & Mutations

You are too large for most types of armour.
You have claws for hands.
Your natural rate of healing is unusually fast.
You are covered in fur. (AC +1)
You have tough skin. (AC +1)
You are dopey. (Int -2)


Message History

The two-headed ogre is heavily wounded.
You hear the stately tolling of a distant bell.
The two-headed ogre hits you with a +0 giant spiked club!!
The two-headed ogre hits you with a +0 giant club!
An ogre comes into view. It is wielding a +0 giant club.
The ogre shouts!
You scratch the two-headed ogre.
The two-headed ogre is severely wounded.
You hear a shout! x2
The ogre hits you with a +0 giant spiked club!!
You scratch the two-headed ogre.
The two-headed ogre is severely wounded.
A two-headed ogre comes into view.
It is wielding two +0 giant spiked clubs.
You barely miss the two-headed ogre.
The two-headed ogre is severely wounded.
The two-headed ogre barely misses you.
The two-headed ogre hits you with a +0 giant club!
You eviscerate the two-headed ogre!!!
You kill the two-headed ogre!
Trog accepts your kill.
The ogre hits you with a +0 giant spiked club!
Okay, then.
An ogre comes into view. It is wielding a +0 giant club.
The ogre shouts!
You hear two shouts!
The two-headed ogre misses you. The two-headed ogre barely misses you.
An ogre comes into view. It is wielding a +0 giant spiked club.
An ogre mage comes into view. It is wielding a +0 halberd.
A two-headed ogre comes into view.
It is wielding a +0 dire flail and a +0 giant club.
Items here: ))) †.
You feel a strong urge to attack something.
You are no longer berserk.
You are exhausted.
You feel yourself slow down.
You hear some strange, mumbled words.
The ogre seems to speed up.
The ogre hits you with a +0 giant spiked club!
The two-headed ogre hits you with a +0 giant club!!
* * * LOW HITPOINT WARNING * * *
The two-headed ogre hits you with a +0 giant spiked club!!
You die...

....#.......#....O
##..........O.O...O
#.$..........OO..O.
..........OO#
...#....O...#
#......O..##
##.#.O.....#
##.OO###......
#.@.## #.....
##.#.## #####
#.....###
#....##.##
###.#.#...#
##....###.##
#..>.....####
##..........#
###.##########


You could see 5 two-headed ogres, 2 ogre magi and 4 ogres.

Vanquished Creatures
  An orc warlord (Orc:2)
  Harold (D:11)
  5 two-headed ogres
  An orc high priest (Orc:1)
  An ugly thing (D:11)
  A manticore (D:11)
  2 cyclopes
  An unseen horror (D:11)
  Psyche (D:8)
  4 trolls
  A queen bee (D:11)
  A hornet (D:10)
  A slime creature (D:7)
  A vampire (D:9)
  Sigmund (D:6)
  10 yaks
  2 steam dragons
  Grum (D:10)
  4 wargs (Orc:1)
  Edmund (D:6)
  An acid dragon (D:11)
  3 water moccasins
  An ice beast (D:5)
  10 orc warriors
  4 black bears
  A necrophage (D:5)
  9 ogres
  3 wolves (D:10)
  11 centaurs
  2 phantoms
  2 kobold brigands
  A gnoll sergeant (D:5)
  A wyvern skeleton (D:6)
  28 killer bees
  19 wights
  The ghost of bobkasz2 the Shield-Bearer, a weakling OpFi (D:3)
  8 howler monkeys
  4 centaur zombies
  2 bullfrog skeletons
  12 orc priests
  2 hounds
  Crazy Yiuf (D:4)
  3 gnoll shamans
  A centaur skeleton (D:6)
  4 iguanas
  Natasha (thrice) (D:4)
  17 orc wizards
  A hound skeleton (D:5)
  A howler monkey zombie (D:5)
  21 gnolls
  8 adders
  2 ufetubi
  An adder skeleton (D:4)
  A worm (D:2)
  3 dart slugs
  64 orcs
  10 ball pythons
  10 endoplasms
  2 giant cockroaches
  2 goblins (D:3)
  7 hobgoblins
  A jackal (D:3)
  5 kobolds
  2 quokkas (D:2)
  3 bats
  3 frilled lizards
  19 rats
361 creatures vanquished.

Vanquished Creatures (others)
  14 plants
14 creatures vanquished.

Grand Total: 375 creatures vanquished

Notes
Turn   | Place    | Note
-------+----------+-------------------------------------------
     0 | D:1      | RUZZLEFAZAZZLE the Troll Monk began the quest for the Orb.
     0 | D:1      | Reached XP level 1. HP: 22/22 MP: 0/0
     3 | D:1      | Found a faded altar of an unknown god.
   205 | D:1      | Reached XP level 2. HP: 29/29 MP: 1/1
   611 | D:1      | Reached skill level 4 in Unarmed Combat
   784 | D:2      | Reached XP level 3. HP: 36/36 MP: 2/2
  1083 | D:2      | Gained mutation: You are dopey. (Int -2) [potion of
                  | mutation]
  1139 | D:2      | Reached skill level 5 in Unarmed Combat
  1139 | D:2      | Reached XP level 4. HP: 44/44 MP: 3/3
  1463 | D:2      | Noticed a phantom
  1471 | D:2      | Killed a phantom
  1472 | D:2      | Reached skill level 6 in Unarmed Combat
  1472 | D:2      | Reached XP level 5. HP: 46/50 MP: 4/4
  1848 | D:3      | Found a transporter.
  2069 | D:3      | Found a sparkling altar of Nemelex Xobeh.
  2097 | D:3      | Found a transporter.
  2142 | D:3      | Noticed an orc warrior
  2152 | D:3      | Killed an orc warrior
  2153 | D:3      | Reached skill level 7 in Unarmed Combat
  2153 | D:3      | Reached XP level 6. HP: 38/59 MP: 5/5
  2555 | D:3      | Noticed bobkasz2's ghost (weakling OpFi)
  2634 | D:3      | Killed bobkasz2's ghost
  2682 | D:3      | Reached skill level 8 in Unarmed Combat
  2689 | D:3      | HP: 2/58 [poisoned by a gnoll]
  2754 | D:3      | Reached XP level 7. HP: 44/65 MP: 6/6
  2837 | D:4      | Found a sacrificial altar of Ru.
  3047 | D:4      | Noticed Natasha
  3054 | D:4      | Killed Natasha
  3070 | D:4      | Noticed Natasha
  3076 | D:4      | Killed Natasha
  3089 | D:4      | Noticed Natasha
  3094 | D:4      | Killed Natasha
  3251 | D:4      | You fall into a shaft and drop 2 floors!
  3318 | D:6      | Reached skill level 9 in Unarmed Combat
  3434 | D:6      | Reached XP level 8. HP: 62/74 MP: 7/7
  3438 | D:6      | Reached skill level 10 in Unarmed Combat
  3496 | D:5      | Entered Level 5 of the Dungeon
  3775 | D:5      | Reached skill level 11 in Unarmed Combat
  3892 | D:4      | Found a burning altar of Makhleb.
  3892 | D:4      | Noticed a green death
  3924 | D:4      | Found a runed translucent door.
  3925 | D:4      | Noticed Crazy Yiuf
  3932 | D:4      | Killed Crazy Yiuf
  4486 | D:5      | Found a staircase to the Ecumenical Temple.
  4495 | Temple   | Entered the Ecumenical Temple
  4571 | Temple   | Became a worshipper of Trog the Wrathful
  4571 | Temple   | Reached * piety under Trog
  4571 | Temple   | Reached ** piety under Trog
  5062 | D:6      | Found an ancient bone altar of Kikubaaqudgha.
  5116 | D:6      | Reached skill level 12 in Unarmed Combat
  5116 | D:6      | Reached XP level 9. HP: 50/80 MP: 8/8
  5228 | D:6      | Noticed Sigmund
  5229 | D:6      | Noticed Edmund
  5235 | D:6      | Killed Edmund
  5241 | D:6      | Killed Sigmund
  5754 | D:7      | Reached skill level 13 in Unarmed Combat
  6112 | D:7      | Noticed a troll
  6135 | D:7      | HP: 4/120 [troll (10)]
  6136 | D:7      | Killed a troll
  6140 | D:7      | HP: 4/120 [poisoned by a gnoll]
  6145 | D:7      | HP: 4/120 [poisoned by a gnoll]
  6310 | D:7      | Found a stormy altar of Qazlal.
  6313 | D:7      | Reached skill level 14 in Unarmed Combat
  6317 | D:7      | Reached XP level 10. HP: 77/88 MP: 9/9
  6432 | D:7      | Found a glowing golden altar of the Shining One.
  6601 | D:7      | Found a shimmering blue altar of Sif Muna.
  6891 | D:7      | Identified the +1 pair of gloves of Context {Will+ Str+2}
  7079 | D:8      | Reached *** piety under Trog
  7087 | D:8      | Found a staircase to the Lair.
  7144 | D:8      | Reached skill level 15 in Unarmed Combat
  7165 | D:8      | Noticed Psyche
  7174 | D:8      | Killed Psyche
  7222 | D:8      | Found a white marble altar of Elyvilon.
  7748 | D:9      | Noticed a two-headed ogre
  7754 | D:9      | Killed a two-headed ogre
  7793 | D:9      | Noticed a two-headed ogre
  7798 | D:9      | Killed a two-headed ogre
  7799 | D:9      | Reached skill level 16 in Unarmed Combat
  7914 | D:9      | Found a glowing silver altar of Zin.
  8067 | D:9      | Reached **** piety under Trog
  8117 | D:9      | Found a radiant altar of Vehumet.
  8117 | D:9      | Found a basalt altar of Yredelemnul.
  8117 | D:9      | Found a shadowy altar of Dithmenos.
  8156 | D:10     | Entered Level 10 of the Dungeon
  8164 | D:10     | Reached XP level 11. HP: 63/94 MP: 10/10
  8500 | D:10     | Paralysed by a hornet for 3 turns
  8508 | D:10     | Noticed Grum
  8533 | D:10     | Killed Grum
  8640 | D:10     | Found a staircase to the Orcish Mines.
  8653 | D:10     | Reached ***** piety under Trog
  8751 | D:10     | Found an ornate altar of the Wu Jian Council.
  9188 | D:11     | Noticed a two-headed ogre
  9196 | D:11     | Killed a two-headed ogre
  9199 | D:11     | Reached skill level 17 in Unarmed Combat
  9398 | D:11     | Noticed Harold
  9414 | D:11     | Killed Harold
  9624 | D:11     | Noticed a brown ugly thing
  9629 | D:11     | Killed a brown ugly thing
  9629 | D:11     | Received a gift from Trog
  9673 | D:11     | Reached skill level 18 in Unarmed Combat
 10031 | Orc:1    | Entered Level 1 of the Orcish Mines
 10127 | Orc:1    | You fall into a shaft and drop 1 floor!
 10127 | Orc:2    | Entered Level 2 of the Orcish Mines
 10174 | Orc:1    | Reached XP level 12. HP: 98/104 MP: 11/11
 10443 | Orc:1    | Noticed an orc high priest
 10456 | Orc:1    | Killed an orc high priest
 10581 | Orc:2    | Found a staircase to the Elven Halls.
 10590 | Orc:2    | Noticed an orc warlord
 10613 | Orc:2    | Killed an orc warlord
 10622 | Orc:2    | Reached skill level 19 in Unarmed Combat
 10674 | Orc:2    | Noticed a two-headed ogre
 10674 | Orc:2    | Noticed a two-headed ogre
 10675 | Orc:2    | Noticed a two-headed ogre
 10677 | Orc:2    | Noticed an ogre mage
 10677 | Orc:2    | Noticed a two-headed ogre
 10677 | Orc:2    | Noticed an ogre mage
 10678 | Orc:2    | Noticed a two-headed ogre
 10681 | Orc:2    | Killed a two-headed ogre
 10686 | Orc:2    | Noticed a two-headed ogre
 10688 | Orc:2    | Killed a two-headed ogre
 10689 | Orc:2    | Noticed an ogre mage
 10689 | Orc:2    | Noticed a two-headed ogre
 10694 | Orc:2    | Slain by a two-headed ogre

Illustrated notes

Levels and vault maps discovered:
D:1:      minmay_arrival_stone_box, layout_loops_ring,
          hellmonk_ecumenical_altar_pennies_from_heaven, serial_forest,
          infiniplex_forest_clump_diagonal, infiniplex_forest_straight_2,
          infiniplex_forest_diagonal, infiniplex_forest_lined_room_2,
          infiniplex_forest_end_1, infiniplex_forest_clump_diagonal,
          infiniplex_forest_lined_room_2, infiniplex_forest_corner_1,
          infiniplex_forest_lined_4_way, minmay_rat_gold_closets
D:2:      layout_basic, feat_on_display
D:3:      layout_loops_ring, lemuel_tele_altar, gammafunk_ghost_gnarly_gnolls,
          hangedman_decor_slide_cut, minmay_joined_circles
D:4:      layout_loops_ring, mainiacjoe_overflow_catwalk,
          makhleb_altar_promises_db, minmay_misc_feat_four_crosses,
          kennysheep_generic_room_3, uniq_natasha, uniq_crazy_yiuf_cottage
D:5:      layout_basic, minmay_temple_entry_drinking_statues
D:6:      layout_loops_corners, kiku_gazebo_garden_becter, serial_bayou_pond_c,
          grunt_decor_clamped, abandoned_shop, sigmund_edmund_badplayer
D:7:      layout_basic, nicolae_overflow_hidden_temple,
          chequers_temple_overflow_statue_of_worship, minmay_misc_feat_square,
          minmay_manual_moon
D:8:      layout_rooms, elyvilon_altar_1, lair_entry_dummy, uniq_psyche
D:9:      layout_roguey, gammafunk_temple_overflow_forgotten, zin_treasury,
          billiards_dpeg
D:10:     layout_loops_ring, mainiacjoe_overflow_alcove_4,
          minmay_orc_entry_temple_small, serial_undead, serial_undead_e,
          serial_undead_b, serial_undead_a, serial_undead_c, uniq_grum
D:11:     layout_long_grid, special_room [special_room_bee], uniq_harold
Temple:   jpeg_temple_island
Orc:1:    layout_caves
Orc:2:    st_orc_ogre_mass, layout_diamond_mine, serial_shops, bzr_entry_safe,
          nicolae_diamond_shop, lightli_orcish_oven

Skill      XL: |  1  2  3  4  5  6  7  8  9 10 11 12 |
---------------+-------------------------------------+-----
Unarmed Combat | 4 5 6 7 8 9 12 14 16 18 19 | 19.2
Fighting       | |  2.4
Dodging        | |  2.4
Stealth        | |  1.0

Action                   |  1- 3 |  4- 6 |  7- 9 | 10-12 || total
-------------------------+-------+-------+-------+-------++-------
Melee: Unarmed           |    72 |   155 |   249 |   495 ||   971
       Punch             |     1 |     3 |    15 |    42 ||    61
Invok: Berserk           |       |       |     1 |     7 ||     8
       Trog's Hand       |       |       |       |     1 ||     1
Evoke: Wand              |       |       |       |     2 ||     2
  Use: Potion            |     2 |     2 |     5 |     3 ||    12
       Scroll            |     1 |     5 |     3 |     5 ||    14
 Stab: Sleeping          |     7 |     2 |     5 |     1 ||    15
       Distracted        |       |       |     1 |       ||     1
Armor: Robe              |    16 |    37 |    76 |       ||   129
       Troll leather arm |       |       |       |   297 ||   297
       Skin              |       |       |       |     4 ||     4
Dodge: Dodged            |    30 |    60 |   131 |   259 ||   480
